Map: Jagannatha LE

Players

DPGZest (Zest) - Winner!

  • Race: Protoss Protoss

Serral

  • Race: Zerg Zerg

Event: TSL 7

VOD

Have the link to the VOD?

Description

Time

  • Played on: June 13, 2021, 2:07 p.m.
  • Length: 12:32

All games in this series

Show
View Real Time Build Order
Export as new Build Order

DPGZest Protoss - Winner!

Build Orders: 1 Gate Expand, Oracle Opening 

Get SALT Encoding   

  12  0:00  Probe  
  13  0:12  Probe  
  14  0:20  Pylon  
  14  0:24  Probe  
  15  0:38  Probe (Chrono Boost)  
  15  0:39  Gateway  
  16  0:47  Probe (Chrono Boost)  
  17  0:50  Assimilator  
  17  0:52  Probe (Chrono Boost)  
  18  1:04  Probe  
  19  1:17  Probe  
  20  1:27  Nexus  
  20  1:38  Cybernetics Core  
  20  1:41  Probe  
  21  1:48  Assimilator  
  21  1:53  Probe  
  22  1:57  Pylon  
  22  2:05  Probe  
  23  2:15  Stalker  
  23  2:18  Probe  
  26  2:24  Stargate  
  26  2:30  Probe (Chrono Boost), Warp Gate  
  27  2:42  Probe (Chrono Boost)  
  29  2:46  Probe (Chrono Boost), Adept  
  29  2:48  Probe (Chrono Boost)  
  32  2:53  Probe  
  33  2:59  Probe  
  33  3:05  Probe, Oracle (Chrono Boost)  
  35  3:10  Pylon  
  35  3:11  Probe  
  39  3:20  Gateway  
  39  3:25  Probe x2  
  41  3:29  Twilight Council  
  41  3:37  Probe x2  
  43  3:43  Pylon  
  43  3:49  Probe x2  
  43  3:52  Gateway  
  43  3:53  Gateway  
  45  4:01  Probe x2  
  45  4:02  Resonating Glaives (Chrono Boost)  
  47  4:17  Nexus  
  47  4:19  Adept  
  47  4:20  Adept  
  51  4:27  Pylon  
  51  4:28  Probe x2  
  53  4:40  Probe  
  53  4:44  Pylon  
  55  4:46  Assimilator  
  55  4:47  Adept  
  55  4:48  Adept x2  
  55  4:50  Adept  
  55  4:51  Assimilator  
  62  4:57  Pylon  
  62  5:02  Probe x2  
  62  5:06  Pylon  
  64  5:10  Pylon  
  64  5:16  Adept x4  
  64  5:18  Probe x2  
  74  5:30  Probe x2  
  74  5:32  Robotics Facility  
  76  5:39  Sentry  
  76  5:40  Probe, Sentry x2  
  76  5:42  Shield Battery  
  83  5:48  Probe  
  84  5:50  Probe  
  84  5:54  Probe (Chrono Boost)  
  80  6:00  Probe (Chrono Boost)  
  80  6:03  Probe (Chrono Boost)  
  82  6:04  Blink (Chrono Boost)  
  82  6:06  Probe (Chrono Boost)  
  84  6:12  Probe (Chrono Boost)  
  84  6:14  Probe (Chrono Boost)  
  84  6:15  Probe (Chrono Boost)  
  84  6:17  Probe (Chrono Boost)  
  87  6:18  Probe (Chrono Boost)  
  87  6:20  Probe  
  89  6:26  Probe, Gateway  
  89  6:27  Gateway  
  89  6:28  Pylon  
  89  6:29  Gateway, Assimilator  
  89  6:30  Gateway  
  89  6:31  Probe  
  89  6:32  Probe, Assimilator  
  92  6:33  Gateway  
  92  6:35  Pylon  
  92  6:37  Observer, Forge  
  94  6:40  Probe  
  94  6:47  Robotics Facility, Robotics Bay  
  94  6:51  Pylon  
  94  6:52  Stalker x2  
  98  7:02  Protoss Ground Weapons Level 1 (Chrono Boost), Stalker x2  
  102  7:23  Probe x3, Photon Cannon  
  102  7:27  Pylon  
  105  7:33  Colossus (Chrono Boost)  
  105  7:34  Colossus (Chrono Boost)  
  117  7:38  Extended Thermal Lance  
  117  7:47  Gateway  
  117  7:49  Gateway  
  117  7:52  Gateway x2  
  117  7:58  Pylon  
  117  8:07  Nexus  
  117  8:10  Pylon  
  117  8:12  Colossus x2 (Chrono Boost)  
  117  8:14  Pylon  
  117  8:17  Pylon  
  129  8:34  Charge (Chrono Boost)  
  129  8:36  Sentry x3  
  129  8:37  Sentry  
  129  8:40  Observer  
  137  8:41  Photon Cannon  
  137  8:42  Stalker x6  
  137  8:44  Shield Battery  
  149  8:53  Warp Prism  
  149  8:54  Observer  
  152  8:59  Zealot  
  154  9:12  Stalker x8  
  154  9:13  Stalker  
  172  9:24  Observer, Stalker x4  
  179  9:43  Protoss Ground Weapons Level 2 (Chrono Boost), Stalker x4  
  187  9:56  Pylon  
  187  9:57  Pylon  
  187  9:59  Pylon  
  123  10:18  Stalker x9  
  123  10:19  Zealot, Stalker x2  
  143  10:41  Stalker x2  
  143  10:42  Zealot x2, Stalker x5  
  157  10:43  Zealot  
  163  10:50  Stalker x3  
  169  11:01  Shield Battery  
  169  11:12  Stalker  
  169  11:13  Stalker x6  
  169  11:14  Zealot  
  183  11:40  Stalker x6  
  183  11:41  Stalker x3  
  151  12:03  Stalker x7  
  151  12:05  Zealot x3  
Show
View Real Time Build Order
Export as new Build Order

Serral Zerg 

Build Orders: Hatch First, Muta Ling Bane 

Get SALT Encoding   

  12  0:00  Drone  
  13  0:11  Overlord  
  13  0:17  Drone  
  14  0:30  Drone x2  
  17  0:42  Drone  
  17  0:51  Hatchery  
  17  0:55  Drone  
  17  0:58  Drone  
  18  1:10  Extractor  
  17  1:13  Spawning Pool  
  17  1:16  Drone  
  17  1:20  Drone  
  18  1:27  Drone  
  19  1:38  Drone  
  20  1:48  Overlord  
  20  2:04  Queen  
  20  2:06  Queen  
  20  2:07  Zergling x4  
  26  2:12  Drone, Metabolic Boost  
  26  2:14  Drone  
  28  2:21  Drone  
  29  2:25  Drone  
  30  2:39  Queen  
  32  2:45  Hatchery  
  32  2:47  Drone  
  32  2:55  Drone  
  32  2:56  Overlord  
  32  2:58  Drone x2  
  34  3:03  Overlord  
  34  3:15  Spore Crawler  
  34  3:16  Drone x2  
  35  3:20  Overlord  
  35  3:22  Drone  
  35  3:23  Drone x2  
  35  3:25  Drone  
  35  3:26  Drone  
  40  3:35  Drone  
  40  3:39  Drone  
  40  3:41  Queen  
  44  3:44  Overlord  
  44  3:47  Zergling x6  
  47  3:50  Overlord  
  47  3:52  Drone  
  47  3:53  Drone  
  47  3:54  Drone  
  50  3:57  Drone  
  50  4:00  Overlord  
  51  4:03  Drone  
  51  4:07  Drone x3  
  55  4:11  Spore Crawler  
  55  4:13  Spore Crawler  
  55  4:16  Queen  
  53  4:18  Drone  
  53  4:20  Drone  
  57  4:24  Queen  
  57  4:28  Drone x2  
  61  4:38  Roach Warren  
  60  4:39  Drone x2  
  60  4:42  Zergling x8  
  60  4:44  Drone x2  
  60  4:45  Drone  
  68  4:52  Overlord  
  68  4:53  Drone x4  
  68  4:54  Drone  
  68  4:56  Drone  
  74  5:00  Lair  
  74  5:03  Drone x3  
  74  5:06  Extractor  
  76  5:07  Extractor  
  76  5:11  Zergling x2, Evolution Chamber  
  76  5:12  Zergling x4  
  74  5:18  Drone x2  
  76  5:24  Overlord  
  76  5:25  Drone x2  
  76  5:26  Overlord  
  78  5:31  Roach x5  
  78  5:35  Overlord  
  88  5:37  Evolution Chamber  
  88  5:40  Roach  
  88  5:41  Zerg Missile Weapons Level 1  
  89  5:43  Evolution Chamber  
  88  5:50  Roach  
  88  5:53  Queen x2  
  88  5:59  Drone x3  
  88  6:00  Drone x4  
  96  6:05  Evolution Chamber  
  96  6:07  Drone x2, Overlord  
  96  6:08  Drone  
  96  6:09  Glial Reconstitution  
  98  6:15  Extractor  
  98  6:17  Overlord  
  97  6:19  Queen  
  97  6:21  Extractor  
  97  6:22  Extractor, Spire  
  92  6:26  Overseer  
  92  6:27  Drone  
  92  6:28  Drone x3  
  97  6:35  Overlord  
  97  6:39  Roach x4  
  105  6:44  Baneling Nest  
  105  6:45  Hatchery  
  103  6:48  Zerg Melee Weapons Level 1  
  103  6:51  Roach x3  
  108  6:56  Overlord  
  108  7:03  Overlord  
  108  7:04  Zergling x14  
  115  7:09  Hatchery  
  115  7:10  Overlord  
  115  7:13  Zergling x4  
  117  7:17  Overlord x2  
  117  7:18  Zergling x4  
  119  7:26  Overlord x2  
  119  7:31  Zergling x2  
  119  7:35  Centrifical Hooks  
  119  7:36  Zerg Flyer Weapons Level 1  
  119  7:53  Drone  
  119  7:54  Drone x10  
  130  8:02  Drone  
  130  8:03  Drone x3  
  130  8:04  Overlord  
  134  8:13  Mutalisk x4  
  134  8:14  Mutalisk x4  
  134  8:17  Mutalisk x2  
  134  8:18  Extractor x2  
  152  8:23  Mutalisk  
  152  8:25  Spore Crawler  
  152  8:26  Mutalisk  
  150  8:33  Drone x3  
  150  8:34  Drone  
  154  8:40  Zergling x2, Ravager x3  
  154  8:41  Zergling x12  
  164  8:45  Hatchery  
  163  8:49  Zerg Melee Weapons Level 2  
  163  8:50  Overlord  
  163  8:51  Drone x3  
  163  8:52  Drone  
  167  8:55  Zerg Ground Armor Level 1, Infestation Pit  
  167  8:56  Zergling x6  
  169  9:03  Zergling x10  
  169  9:07  Drone x4  
  176  9:10  Zergling x6  
  176  9:14  Baneling x12  
  176  9:15  Baneling  
  178  9:19  Baneling x8  
  178  9:29  Zergling x20  
  186  9:35  Hive  
  184  9:45  Baneling x10  
  182  9:47  Zergling x22  
  182  9:51  Baneling x6  
  193  9:53  Ravager x2  
  193  9:56  Baneling x4  
  167  10:10  Zergling x2  
  167  10:11  Zergling x34  
  159  10:19  Roach  
  159  10:20  Roach x3  
  159  10:21  Baneling x5  
  163  10:23  Ravager x2  
  163  10:24  Roach x2  
  163  10:25  Zergling x4  
  163  10:27  Zergling x4  
  171  10:29  Zergling x4  
  171  10:31  Baneling x6  
  171  10:33  Zergling x2  
  170  10:36  Baneling x7  
  168  10:46  Roach x8  
  178  10:57  Zergling x18  
  177  10:59  Baneling x4  
  177  11:00  Baneling x7  
  184  11:07  Zergling x14  
  190  11:19  Baneling x12  
  190  11:23  Zergling x18  
  198  11:29  Baneling x15  
  198  11:30  Baneling  
  198  11:32  Zergling x6  
  197  11:38  Zergling x2  
  197  11:39  Zergling x10  
  176  11:57  Zergling x20  
  156  12:07  Roach x8  
  156  12:09  Roach x2  
Tags
 
Add a new tag
Caveats
  • Supply blocks, unpowered buildings, or Contaminate may cause inaccurate times.
  • Supply counts are checked every 10 seconds.